 Dungeon Crawl Stone Soup version 0.19-a0-57-g300684c (webtiles) character file.

1765 Jojapa the Destroyer (level 8, -8/41 HPs)
             Began as a Deep Elf Wizard on May 8, 2016.
             Was a Follower of Vehumet.
             Mangled by an orc warrior
             ... wielding a +0 battleaxe
              (15 damage)
             ... on level 5 of the Dungeon.
             The game lasted 00:33:17 (7926 turns).

Jojapa the Destroyer (Deep Elf Wizard)              Turns: 7926, Time: 00:33:17

Health: -8/41      AC:  9    Str:  4    XL:     8   Next: 79%
Magic:  16/22      EV: 11    Int: 26    God:    Vehumet [*.....]
Gold:   323        SH:  0    Dex: 13    Spells: 8 memorised, 5 levels left

rFire  . . .     SeeInvis .     (no weapon)
rCold  . . .     Gourm    .     x - +0 leather armour
rNeg   . . .     Faith    +     (no shield)
rPois  +         Spirit   .     u - +0 helmet
rElec  .         Dismiss  .     E - +2 cloak {rPois}
rCorr  .         Reflect  .     j - +1 pair of gloves
SustAt .         Harm     .     (no boots)
MR     .....                    v - amulet of faith
Stlth  ++........               (no ring)
                                (no ring)

@: very slightly contaminated, repel missiles, not resistant to hostile
enchantments, unstealthy
A: no striking features
a: Renounce Religion


You were on level 5 of the Dungeon.
You worshipped Vehumet.
Vehumet was aware of your devotion.
You were not hungry.

You visited 2 branches of the dungeon, and saw 7 of its levels.

You collected 323 gold pieces.

Inventory:

Hand Weapons
 g - a +1 dagger of venom
 D - a +4 quarterstaff of chaos
Missiles
 f - 183 stones (quivered)
Armour
 j - a +1 pair of gloves (worn)
 s - a +0 shield
 u - a +0 helmet (worn)
 x - a +0 leather armour (worn)
 E - a +2 cloak of poison resistance (worn)
Magical Staves
 y - an uncursed staff of summoning
Jewellery
 v - an amulet of faith (around neck)
Wands
 B - a wand of lightning (6/15)
Scrolls
 b - a scroll of immolation {unknown}
 h - 2 scrolls of teleportation
 m - 2 scrolls of remove curse {unknown}
 o - a scroll of identify
 q - a scroll of enchant armour {unknown}
 r - a scroll of recharging {unknown}
 t - a scroll of magic mapping {unknown}
Potions
 e - 6 potions of heal wounds
 i - a potion of degeneration
 l - 2 potions of lignification
 p - 2 potions of might
 w - a potion of mutation {unknown}
 A - a potion of beneficial mutation {unknown}
 C - 2 potions of berserk rage {unknown}
Books
 c - a book of Minor Magic

   Spells                             Type                      Level
   a - Magic Dart                     Conjuration                  1
   b - Blink                          Translocation                2
   c - Call Imp                       Summoning                    2
   d - Repel Missiles                 Charms/Air                   2
   e - Slow                           Hexes                        2
   f - Conjure Flame                  Conjuration/Fire             3
   g - Mephitic Cloud                 Conjuration/Poison/Air       3
 z - a book of Battle

   Spells                             Type                      Level
   a - Infusion                       Charms                       1
   b - Shroud of Golubria             Charms/Translocation         2
   c - Song of Slaying                Charms                       2
   d - Spectral Weapon                Hexes/Charms                 3
   e - Regeneration                   Charms/Necromancy            3
Comestibles
 a - a chunk of flesh
 d - 4 bread rations
 k - 2 meat rations
 n - 2 beef jerkies


   Skills:
 - Level 2.4 Dodging
 - Level 2.4 Stealth
 - Level 8.0 Spellcasting
 * Level 11.0 Conjurations
   Level 1.1 Summonings
 - Level 1.1 Translocations


You had 5 spell levels left.
You knew the following spells:

 Your Spells              Type           Power        Failure   Level  Hunger
a - Magic Dart            Conj           ####         1%          1    None
b - Blink                 Tloc           N/A          12%         2    None
c - Repel Missiles        Chrm/Air       ##....       17%         2    None
d - Mephitic Cloud        Conj/Pois/Air  ####....     10%         3    None
e - Conjure Flame         Conj/Fire      #####...     3%          3    None
f - Shroud of Golubria    Chrm/Tloc      ##........   14%         2    None
g - Regeneration          Chrm/Necr      ##........   30%         3    None
h - Searing Ray           Conj           ######       1%          2    None


Dungeon Overview and Level Annotations

Branches:
Dungeon (6/15)             Temple (1/1) D:5

Altars:
Ashenzari
Cheibriados
Fedhas
Gozag
Kikubaaqudgha
Makhleb
Okawaru
Pakellas
Qazlal
Sif Muna
Trog
Vehumet
Zin
The Shining One


Message History

Casting: Searing Ray
Confirm with . or Enter, or press ? or * to list all spells.
You miscast Blink.
You are very lightly contaminated with residual magic.
You feel a wrenching sensation.
The orc warrior hits you with a battleaxe.
* * * LOW HITPOINT WARNING * * *
Casting: Blink
Confirm with . or Enter, or press ? or * to list all spells.
You miscast Blink.
The world appears momentarily distorted!
Casting: Blink
Confirm with . or Enter, or press ? or * to list all spells.
You blink.
There is an open door here.
Casting: Blink
Confirm with . or Enter, or press ? or * to list all spells.
You miscast Blink.
You spin around.
The orc warrior hits you with a battleaxe!
You die...

.# ##......# #.#.#..##.#
.#####.......########.........#
..[[)....(>..'..........#########
#.####.......#######............#
#............# #.#########.##
#..####......# #.# #.# #..#
###..##### #.# #.# #..#
##......#####.# #.# #..##
#........@o...## #.# #...#
#..............# #.# #.#.##
#............### #.# #.#..#
#............##########.## #.##.#
#........................# #.##.#
#.............############ #'##.#
#.............#
...#.###.............#
...#..##.............#


You could see an orc warrior.

Vanquished Creatures
  Grinder (D:3)
  Sigmund (D:3)
  A sky beast (D:4)
  An ice beast (D:5)
  A phantom (D:5)
  An ogre (D:5)
  2 centaurs
  A scorpion (D:5)
  A howler monkey (D:5)
  3 crimson imps (D:5)
  4 orc wizards
  Crazy Yiuf (D:3)
  4 orc priests (D:5)
  Ijyb (D:2)
  3 worker ants
  A howler monkey zombie (D:5)
  Robin (D:2)
  7 gnolls
  10 adders
  A shadow imp (D:5)
  3 oozes
  2 worms
  5 dart slugs
  2 giant geckos
  15 orcs
  5 bats
  4 giant cockroaches
  20 goblins
  11 hobgoblins
  9 jackals
  8 kobolds
  3 quokkas
  2 ball pythons (D:2)
  6 giant newts
  13 rats
154 creatures vanquished.

Notes
Turn   | Place    | Note
--------------------------------------------------------------
     0 | D:1      | Jojapa the Deep Elf Wizard began the quest for the Orb.
     0 | D:1      | Reached XP level 1. HP: 10/10 MP: 7/7
   277 | D:1      | Reached skill level 2 in Conjurations
   282 | D:1      | Reached XP level 2. HP: 12/15 MP: 2/9
   468 | D:1      | Learned a level 2 spell: Blink
   471 | D:1      | Learned a level 2 spell: Repel Missiles
   653 | D:1      | Reached skill level 3 in Conjurations
   716 | D:1      | Reached XP level 3. HP: 19/19 MP: 8/11
  1409 | D:2      | Learned a level 3 spell: Mephitic Cloud
  1413 | D:2      | Learned a level 3 spell: Conjure Flame
  1447 | D:2      | Noticed Robin
  1451 | D:2      | Killed Robin
  1578 | D:2      | Reached skill level 5 in Spellcasting
  1578 | D:2      | Reached XP level 4. HP: 21/24 MP: 2/13
  1741 | D:2      | Reached skill level 4 in Conjurations
  2011 | D:2      | Noticed Ijyb
  2291 | D:2      | Reached XP level 5. HP: 28/28 MP: 12/14
  2366 | D:2      | Killed Ijyb
  2568 | D:2      | Found a bloodstained altar of Trog.
  2578 | D:2      | Found a shattered altar of Ashenzari.
  2636 | D:2      | Found a glowing silver altar of Zin.
  2793 | D:3      | Reached skill level 5 in Conjurations
  2950 | D:3      | Noticed Sigmund
  2969 | D:3      | Killed Sigmund
  2969 | D:3      | Reached skill level 6 in Conjurations
  2969 | D:3      | Reached XP level 6. HP: 32/32 MP: 4/17
  2977 | D:3      | Noticed Grinder
  3444 | D:3      | Killed Grinder
  3444 | D:3      | Reached XP level 7. HP: 36/36 MP: 3/19
  3608 | D:3      | Learned a level 2 spell: Shroud of Golubria
  3612 | D:3      | Learned a level 3 spell: Regeneration
  3634 | D:3      | Found an oddly glowing altar of Pakellas.
  3679 | D:3      | Reached skill level 7 in Conjurations
  3876 | D:3      | Noticed Crazy Yiuf
  3887 | D:3      | Killed Crazy Yiuf
  4234 | D:4      | Found a snail-covered altar of Cheibriados.
  5202 | D:5      | Entered Level 5 of the Dungeon
  5209 | D:5      | Found a staircase to the Ecumenical Temple.
  5310 | Temple   | Entered the Ecumenical Temple
  5318 | Temple   | Became a worshipper of Vehumet
  5648 | D:5      | Reached skill level 8 in Conjurations
  6113 | D:5      | Reached XP level 8. HP: 41/41 MP: 19/22
  6275 | D:5      | Reached skill level 9 in Conjurations
  6447 | D:5      | Found an opulent altar of Gozag.
  6447 | D:5      | Found a burning altar of Makhleb.
  6447 | D:5      | Found a stormy altar of Qazlal.
  6570 | D:5      | Reached * piety under Vehumet
  6570 | D:5      | Offered knowledge of Freeze by Vehumet.
  6999 | D:5      | Found an iron altar of Okawaru.
  7135 | D:5      | Reached skill level 10 in Conjurations
  7819 | D:4      | Reached ** piety under Vehumet
  7819 | D:4      | Offered knowledge of Searing Ray by Vehumet.
  7819 | D:4      | Reached skill level 11 in Conjurations
  7833 | D:4      | Learned a level 2 spell: Searing Ray
  7926 | D:5      | Mangled by an orc warrior

Vault maps used:
D:1:      evilmike_arrival_rings
D:2:      kennysheep_the_goblin_king, zin_treasury, minitemple, uniq_robin
D:3:      first_bread, johnstein_pakellas_death_squad, uniq_crazy_yiuf_cottage,
          uniq_sigmund, uniq_grinder
D:4:      overflow_temple_1_default
D:5:      okawaru_altar_gauntlet_db, gammafunk_temple_overflow_forgotten,
          minmay_temple_entry_statues_fountains, hangedman_decor_peaks_small
D:6:      kennysheep_mini_moat
Temple:   circular_temple_6

Skill      XL: |  1  2  3  4  5  6  7  8 |
---------------+-------------------------+-----
Conjurations   | 2 3 4 6 8 11 | 11.0
Spellcasting   | 5 6 7 8 |  8.0
Dodging        | |  2.4
Stealth        | |  2.4
Summonings     | |  1.1
Translocations | |  1.1

Action                   |  1- 3 |  4- 6 |  7- 9 || total
-------------------------+-------+-------+-------++-------
Melee: Dagger            |     5 |     4 |     3 ||    12
       Unarmed           |       |       |     1 ||     1
 Cast: Magic Dart        |    67 |   111 |   313 ||   491
       Repel Missiles    |     1 |       |     1 ||     2
       Blink             |     2 |     1 |     7 ||    10
       Conjure Flame     |     1 |     2 |    10 ||    13
       Mephitic Cloud    |       |     1 |     2 ||     3
       Regeneration      |       |       |     1 ||     1
       Shroud of Golubri |       |       |     1 ||     1
       Searing Ray       |       |       |     1 ||     1
  Use: Scroll            |       |     2 |     3 ||     5
  Eat: Chunk             |     2 |     5 |    14 ||    21
Armor: Robe              |     3 |     8 |       ||    11
       Leather armour    |       |       |    34 ||    34
Dodge: Dodged            |    11 |    18 |    30 ||    59
       Deflected         |       |       |     3 ||     3
